 Dungeon Crawl Stone Soup version 0.28-a0-823-gb444dcf96d (webtiles) character file.

Game seed: 6880364278904269916

0 spiderkeys the Skirmisher (level 1, -8/14 HPs)
             Began as a Tengu Abyssal Knight on Nov 10, 2021.
             Was a Follower of Lugonu.
             Mangled by a large abomination (11 damage)
             ... on level 1 of the Abyss.
             The game lasted 00:00:22 (63 turns).

spiderkeys the Skirmisher (Tengu Abyssal Knight)      Turns: 63, Time: 00:00:22

Health: -8/14      AC:  3    Str: 13    XL:     1   Next: 0%
Magic:  3/3        EV: 11    Int: 10    God:    Lugonu [*.....]
Gold:   0          SH:  0    Dex: 14    Spells: 0/0 levels left

rFire   . . .      SeeInvis .   a - +1 spear
rCold   . . .      Faith    .   (no shield)
rNeg    . . .      Spirit   .   b - +0 leather armour
rPois   .          Reflect  .   (helmet restricted)
rElec   .          Harm     .   (no cloak)
rCorr   .          Rampage  .   (no gloves)
Will    .....                   (boots unavailable)
Stlth   +.........              (no amulet)
HPRegen 0.04/turn               (no ring)
MPRegen 0.08/turn               (no ring)

@: no status effects
A: beak, talons 3
a: Renounce Religion, Depart the Abyss


You were on level 1 of the Abyss.
You worshipped Lugonu.
Lugonu was aware of your devotion.
You visited 0 branches of the dungeon, and saw 0 of its levels.
You visited the Abyss 1 time.


Innate Abilities, Weirdness & Mutations

You have a beak for a mouth.
You have claws for feet.


   Skills:
 + Level 3.0 Fighting
 + Level 2.1 Polearms
 + Level 2.1 Armour
 + Level 1.1 Dodging
 + Level 1.5 Invocations


You couldn't memorise any spells.
You didn't know any spells.
Your spell library contained the following spells:

 Spells                   Type           Power      Damage    Failure   Level
 Portal Projectile        Hex/Tloc       0%         N/A       82%         3
 Blade Hands              Tmut           0%         N/A       100%        5
 Excruciating Wounds      Necr           0%         N/A       100%        5

Inventory:

Hand Weapons
 a - a +1 spear (weapon)
Armour
 b - a +0 leather armour (worn)

Dungeon Overview and Level Annotations

Branches:
Dungeon (0/15)

Altars:

## #........5.....#
#................##
.................#
#......... ........
###..............## #
#.....##.......### .
#.....##......#...
#.....X@......#.##.
##......x.........#.
.####..................
.....................#
..........p............
...................ยง#.#
...##......##......#.#.#
.. #......##....... ...
.................#. #


You could see a death knight, a large abomination, a small abomination and an
iron imp (wandering).


Message History

๐Ÿค– Initializing magus.rc ... โœ… Successfully initialized magus.rc [v1.9.10] Welcome, spiderkeys the Tengu Abyssal Knight.
The heart of this dungeon contains the incredible artefact, the Orb of Zot.
Lugonu says: Depart the Abyss and spread corruption, my servant! (use the ability menu to exit the Abyss) Press ? for a list of commands and other information.
Found a corrupted altar of Lugonu.
Found a gateway leading out of the Abyss.
Found a corrupted altar of Lugonu.
There is a gateway leading out of the Abyss here.
You see here a +0 dagger.
There is a corrupted altar of Lugonu here.
Unknown command.
A death knight comes into view. It is wielding a +0 broad axe.
The death knight offers itself to Yredelemnul, and fills with unholy energy.
You see here a book of Weapons.
You pick up a book of Weapons and begin reading...
You add the spells Portal Projectile, Excruciating Wounds and Blade Hands to your library.
A small abomination comes into view.
A tentacled starspawn comes into view.
The death knight invokes the aid of Yredelemnul against you.
Your body is wracked with pain! ๐Ÿ˜ฎ HP[-6]
You take 6 damage, and now have 8/14 hp.
MASSIVE DAMAGE!! (PAUSE)
A large abomination comes into view.
Tentacles burst from the starspawn's body! 2 starspawn tentacles come into view.
The large abomination hits you.
* * * LOW HITPOINT WARNING * * *
๐Ÿ˜จ HP[-4]
You take 4 damage, and now have 4/14 hp.
MASSIVE DAMAGE!! (PAUSE) Unknown command.
The death knight mumbles some strange prayers to Yredelemnul against you.
Your body is wracked with pain!
* * * LOW HITPOINT WARNING * * *
๐Ÿ˜ฑ HP[-1]
You take 1 damage, and now have 3/14 hp.
You aren't carrying any scrolls.
Unknown command.
An iron imp comes into view.
The large abomination hits you!
Ouch! That really hurt!
You die...

Levels and vault maps discovered:
Abyss:1:  base: Temple, base: Temple, gammafunk_corrupted_shrine

Notes
Turn   | Place    | Note
-------+----------+-------------------------------------------
     0 | Abyss:1  | spiderkeys the Tengu Abyssal Knight began the quest for the
                  | Orb.
     0 | Abyss:1  | Reached XP level 1. HP: 14/14 MP: 3/3
     0 | Abyss:1  | magus.rc [v1.9.10]
     5 | Abyss:1  | Found a corrupted altar of Lugonu.
    28 | Abyss:1  | Found a corrupted altar of Lugonu.
    45 | Abyss:1  | Noticed a death knight
    49 | Abyss:1  | You pick up a book of Weapons and begin reading...
    49 | Abyss:1  | You add the spells Portal Projectile, Excruciating Wounds
                  | and Blade Hands to your library.
    51 | Abyss:1  | Noticed a small abomination
    51 | Abyss:1  | Noticed a tentacled starspawn
    55 | Abyss:1  | Noticed a large abomination
    61 | Abyss:1  | HP: 3/14 [??? (1)]
    63 | Abyss:1  | Noticed an iron imp
    63 | Abyss:1  | Mangled by a large abomination

Vanquished Creatures (others)
  2 starspawn tentacles (Abyss:1)
2 creatures vanquished.

Table legend:
 A = Non-vault XP
 B = Vault XP
 C = Vault XP percentage of total XP
 D = Non-vault monster count
 E = Vault monster count
 F = Vault count percentage of total count
                 A         B        C        D         E       F
            +---------+---------+-------+---------+---------+-------
      Total |       0 |       0 |   N/A |       0 |       0 |  -nan
            +---------+---------+-------+---------+---------+-------
            +---------+---------+-------+---------+---------+-------

Illustrated notes

Table legend: (Time is in decaauts)
 A = Elapsed time spent in this place.
 B = Non-inter-level travel time spent in this place.
 C = Inter-level travel time spent in this place.
 D = Time resting spent in this place.
 E = Time spent auto-exploring this place.
 F = Levels seen in this place.
 G = Mean time per level.
                   A        B        C        D        E       F      G
               +--------+--------+--------+--------+--------+-----+--------+
         Total |     63 |     63 |      0 |      0 |      0 |   1 |   63.0 |
         Abyss |     63 |     63 |      0 |      0 |      0 |   1 |   63.0 |
               +--------+--------+--------+--------+--------+-----+--------+

Top non-repeatable levels by time:
 Abyss:1: 63 daAuts
